 Dungeon Crawl Stone Soup version 0.28-a0-906-g0406aca7d3 (webtiles) character file.

Game seed: 5725073063310676480

56 croobank the Sneak (level 3, 0/21 HPs)
             Began as an Octopode Earth Elementalist on Nov 23, 2021.
             Slain by a scorpion (2 damage)
             ... on level 4 of the Dungeon.
             The game lasted 00:09:49 (2229 turns).

croobank the Sneak (Octopode Earth Elementalist)    Turns: 2229, Time: 00:09:49

Health: 0/21       AC:  1    Str:  6 (8)  XL:     3   Next: 97%
Magic:  5/6        EV: 13    Int: 15 (17) God:
Gold:   100        SH:  0    Dex:  9 (12) Spells: 5/6 levels left

rFire   + . .      SeeInvis .   k - +0 trident
rCold   . . .      Faith    .   (no shield)
rNeg    . . .      Spirit   .   (helmet restricted)
rPois   .          Reflect  .   (no amulet)
rElec   .          Harm     .   d - ring of protection from fire
rCorr   .          Rampage  .   (no ring)
Will    .....                   (no ring)
Stlth   +++.......              (no ring)
HPRegen 0.07/turn               (no ring)
MPRegen 0.10/turn               (no ring)
                                (no ring)
                                (no ring)

@: no status effects
A: almost no armour, amphibious, 8 rings, camouflage 1, gelatinous body 1,
(nimble swimmer 1), tentacles
a: no special abilities


You were on level 4 of the Dungeon.
You visited 1 branch of the dungeon, and saw 4 of its levels.

You collected 100 gold pieces.

Inventory:

Hand Weapons
 e - a +0 spear
 i - a +0 rapier
 k - a +0 trident (weapon)
Missiles
 b - 91 stones
 h - 61 arrows
Armour
 g - a +1 kite shield
Jewellery
 d - a ring of protection from fire (left tentacle)
Scrolls
 c - 2 scrolls of immolation
 m - a scroll of torment
 n - a scroll of enchant armour
 o - a scroll of enchant weapon {unknown}
Potions
 f - 2 potions of degeneration


   Skills:
 + Level 0.1 Fighting
 + Level 1.2 Polearms
 + Level 2.1 Dodging
 + Level 3.6 Stealth
 + Level 2.4 Spellcasting
 + Level 1.0 Transmutations
 + Level 3.5 Earth Magic


You had 5 spell levels left.
You knew the following spells:

 Your Spells              Type           Power      Damage    Failure   Level
a - Sandblast             Erth           24%        2d8       4%          1

Your spell library contained the following spells:

 Spells                   Type           Power      Damage    Failure   Level
 Passwall                 Tmut/Erth      6%         N/A       13%         2
 Stone Arrow              Conj/Erth      14%        3d7       30%         3
 Petrify                  Tmut/Erth      8%         N/A       63%         4


Dungeon Overview and Level Annotations

Branches:
Dungeon (4/15)
 Temple: D:4-7

Altars:

Shops:
D:1 [


Innate Abilities, Weirdness & Mutations

You cannot wear most types of armour.
You are amphibious.
You can wear up to eight rings at the same time.
Your skin changes colour to match your surroundings (Stealth+).
Your rubbery body absorbs attacks. (AC +1, EV +1)
((You are camouflaged near water. (Stealth+)))
You have tentacles for arms and can constrict up to eight enemies at once.


Message History

m - a scroll of torment You feel as though your hastened speed will last longer.
Aiming: Sandblast (safe; 4% risk of failure)
Press: ? - help, Q - select action, (/) - cycle Shift-Dir - straight line, f - endoplasm
Aim: an endoplasm (98% to hit)
The blast of sand hits the endoplasm.
You kill the endoplasm!
The adder hisses angrily.
As you open the door, it creaks loudly!
There is an open door here.
You see here a scroll labelled GOCIENASEX.
n - 2 scrolls labelled GOCIENASEX (gained 1)
There is a stone staircase leading up here.
Aiming: Sandblast (safe; 4% risk of failure)
Press: ? - help, Q - select action, (/) - cycle Shift-Dir - straight line, f - adder
Aim: an adder (66% to hit)
The blast of sand misses the adder.
Aiming: Sandblast (safe; 4% risk of failure)
Press: ? - help, Q - select action, (/) - cycle Shift-Dir - straight line, f/p - adder
Aim: an adder (66% to hit)
The blast of sand hits the adder!
You kill the adder!
Your extra speed is starting to run out.
There is a stone staircase leading up here.
You feel yourself slow down.
There is a stone staircase leading up here.
The scorpion closely misses you.
Aiming: Sandblast (safe; 4% risk of failure)
Press: ? - help, Q - select action, (/) - cycle Shift-Dir - straight line, f - scorpion
Aim: a scorpion (79% to hit)
The blast of sand hits the scorpion.
The scorpion is lightly wounded.
The scorpion stings you.
* * * LOW HITPOINT WARNING * * *
Okay, then.
As you read the scroll labelled GOCIENASEX, it crumbles to dust.
It is a scroll of enchant armour.
Your +0 kite shield glows green for a moment.
The scorpion stings you.
You die...

###♣ ♣.# # ... #.######
..#.##.####......##
.................>#
........######.#..#
#......s..# #.#..#
#.........# #.#..#
#.........####'#<.######
###+###......@s.........
#.........#.######
#.........#.#
#.........#.#
#.........#.#
#.........#.#
#.........#.#
###.#######.# #.


You could see a scorpion.

Vanquished Creatures
  2 adders
  A worm (D:2)
  3 orcs (D:3)
  3 ball pythons (D:1)
  2 endoplasms
  2 giant cockroaches (D:2)
  2 hobgoblins (D:1)
  4 jackals (D:1)
  5 bats
  2 frilled lizards
  3 goblins (D:1)
  A kobold (D:3)
  2 rats
32 creatures vanquished.

Notes
Turn   | Place    | Note
-------+----------+-------------------------------------------
     0 | D:1      | croobank the Octopode Earth Elementalist began the quest
                  | for the Orb.
     0 | D:1      | Reached XP level 1. HP: 11/11 MP: 3/3
   137 | D:1      | Reached XP level 2. HP: 14/17 MP: 0/5
   408 | D:1      | Found a faded altar of an unknown god.
   751 | D:1      | Found Nezxoasu's Armour Shop.
  1681 | D:2      | Reached XP level 3. HP: 20/21 MP: 6/6
  2088 | D:3      | Reached skill level 1 in Polearms
  2158 | D:4      | Noticed a scorpion
  2229 | D:4      | Slain by a scorpion

Illustrated notes

Levels and vault maps discovered:
D:1:      beargit_arrival_diablo_church, layout_basic,
          hellmonk_ecumenical_altar_blasted, serial_shops, shop
D:2:      layout_basic
D:3:      layout_basic
D:4:      layout_basic, mainiacjoe_overflow_boulevard, xom_confusion_cloud,
          serial_shops, nicolae_lakefront_shop, serial_forest,
          infiniplex_forest_clump_cross, infiniplex_forest_clump_large,
          infiniplex_forest_end_double, infiniplex_forest_lined_corner,
          minmay_crossroads

Skill      XL: |  1  2  3 |
---------------+----------+-----
Stealth        | 3 |  3.6
Polearms       | 1 |  1.2
Fighting       | |  0.1
Dodging        | |  2.1
Spellcasting   | |  2.4
Transmutations | |  1.0
Earth Magic    | |  3.5

Action                   || total
-------------------------++-------
Melee: Unarmed           ||    13
       Constrict         ||    12
       Tentacles         ||     6
       Spear             ||     9
       Trident           ||    17
 Cast: Sandblast         ||    22
  Use: Scroll            ||     3
       Potion            ||     6
 Stab: Sleeping          ||     9
Armor: Skin              ||     3
Dodge: Dodged            ||    32

Table legend: (Time is in decaauts)
 A = Elapsed time spent in this place.
 B = Non-inter-level travel time spent in this place.
 C = Inter-level travel time spent in this place.
 D = Time resting spent in this place.
 E = Time spent auto-exploring this place.
 F = Levels seen in this place.
 G = Mean time per level.
                   A        B        C        D        E       F      G
               +--------+--------+--------+--------+--------+-----+--------+
         Total |   2208 |   2190 |     18 |    140 |   1682 |   4 |  552.0 |
       Dungeon |   2208 |   2190 |     18 |    140 |   1682 |   4 |  552.0 |
               +--------+--------+--------+--------+--------+-----+--------+

Top non-repeatable levels by time:
     D:1: 1009 daAuts
     D:2: 955 daAuts
     D:3: 193 daAuts
     D:4: 50 daAuts
